 Dungeon Crawl Stone Soup version 0.32-a0-818-gb728d0252e (webtiles) character file.

Game seed: 15403920722600968445

5383 Griffin23 the Carver (level 10, -1/91 HPs)
             Began as a Minotaur Fighter on Mar 23, 2024.
             Was a Priest of Okawaru.
             Killed from afar by an acid dragon (21 damage)
             ... with a splash of acid
             ... in a bailey.
             The game lasted 00:16:52 (6659 turns).

Griffin23 the Carver (Minotaur Fighter)             Turns: 6659, Time: 00:16:53

Health: -1/91      AC: 10    Str: 31    XL:     10   Next: 39%
Magic:  7/9        EV: 10    Int: 10    God:    Okawaru [***...]
Gold:   836        SH:  7    Dex: 12    Spells: 9/9 levels left

rFire   . . .        k - +7 Throatcutter {drain, coup de grace}
rCold   + . .        c - +0 buckler
rNeg    + . .        G - +0 chain mail of Fortification {rN+ Int+5}
rPois   .            (helmet restricted)
rElec   .            l - scarf {rC+ rF+}
rCorr   .            J - +0 pair of gloves
SInv    +            (no boots)
Will    .....        (no amulet)
Stlth   +            g - ring of see invisible
HPRegen 0.35/turn    s - +6 ring of strength
MPRegen 0.11/turn

%: no passive effects
@: about to teleport, heroic, corroded
A: horns 2, retaliatory headbutt, thin skeletal structure 1, heat vulnerability
1, MP-powered wands
a: Renounce Religion, Heroism


You were in a bailey.
You worshipped Okawaru.
Okawaru was most pleased with you.
You visited 2 branches of the dungeon, and saw 9 of its levels.
You also visited: Ossuary and Bailey.

You collected 836 gold pieces.

Inventory:

Hand Weapons
 a - a +0 long sword
 k - the +7 Throatcutter (weapon) {drain, coup de grace}
   (You took it off Terence on level 2 of the Dungeon)
 C - a +0 long sword of protection
 K - a +0 great sword of flaming
Missiles
 o - 2 throwing nets (quivered)
Armour
 b - a +0 scale mail
 c - a +0 buckler (worn)
 l - a scarf of resistance (worn)
 n - a +0 chain mail
 B - a +0 cloak
 G - the +0 chain mail of Fortification (worn) {rN+ Int+5}
   (You found it on level 6 of the Dungeon)

   Int+5:     It affects your intelligence (+5).
   rN+:       It protects you from negative energy.
 J - a +0 pair of gloves (worn)
 L - the +1 acid dragon scales of Okawaru's Esteem {rCorr Int+4}
   (You took it off a spriggan in a bailey)

   Int+4:     It affects your intelligence (+4).
   rCorr:     It protects you from acid and corrosion.
Jewellery
 g - a ring of see invisible (left hand)
 m - a ring of fire
 s - a +6 ring of strength (right hand)
 v - a ring of flight
 w - a +6 ring of intelligence
Wands
 t - a wand of flame (34)
Scrolls
 h - a scroll of fear
 i - a scroll of blinking {unknown}
 j - a scroll of torment
 p - 4 scrolls of revelation
 q - 2 scrolls of teleportation
 r - a scroll of noise {unknown}
 u - 2 scrolls of immolation
 y - a scroll of silence {unknown}
 F - a scroll of brand weapon {unknown}
 I - a scroll of enchant weapon {unknown}
Potions
 d - 2 potions of might
 e - a potion of curing
 f - a potion of haste {unknown}
 x - a potion of brilliance {unknown}
 z - 2 potions of degeneration {unknown}
 A - a potion of cancellation {unknown}
 D - a potion of lignification {unknown}
 E - a potion of attraction {unknown}
 H - a potion of resistance {unknown}


   Skills:
 + Level 9.2(14.2) Fighting
 * Level 11.9(16.9) Long Blades
 + Level 9.1(14.1) Armour
 + Level 9.2(14.2) Shields


You had 9 spell levels left.
You didn't know any spells.
Your spell library contained the following spells:

 Spells                   Type           Power      Damage    Failure   Level
 Slow                     Hex            0%         N/A       75%         1
 Sting                    Conj/Alch      0%         1d3       75%         1
 Mercury Vapours          Alch/Air       0%         N/A       86%         2
 Confusing Touch          Hex            0%         N/A       98%         3
 Dazzling Flash           Conj/Hex       0%         N/A       98%         3
 Mephitic Cloud           Conj/Alch/Air  0%         N/A       98%         3
 Vampiric Draining        Necr           0%         2d6       98%         3
 Anguish                  Hex/Necr       0%         N/A       100%        4
 Cause Fear               Hex            0%         N/A       100%        4
 Olgreb's Toxic Radiance  Alch           0%         N/A       100%        4
 Curse of Agony           Necr           0%         N/A       100%        5
 Iskenderun's Battlesphe  Conj           0%         2d6       100%        5
 Silence                  Hex/Air        0%         N/A       100%        5
 Bombard                  Conj/Erth      0%         9d1       100%        6
 Enfeeble                 Hex            0%         N/A       100%        7
 Spellforged Servitor     Conj/Summ      Unusable   N/A       N/A         7

Dungeon Overview and Level Annotations

Branches:
Dungeon (8/15)             Temple (1/1) D:5         Ossuary (visited)
 Bailey (1/1)
   Lair: D:8-11

Altars:
Ashenzari
Cheibriados
Elyvilon
Fedhas
Gozag
Makhleb
Nemelex Xobeh
Okawaru
Qazlal
Ru
Sif Muna
Trog
Uskayaw
Vehumet
Wu Jian
Xom
Yredelemnul
Zin
The Shining One


Innate Abilities, Weirdness & Mutations

You have a pair of horns on your head.
You reflexively headbutt those who attack you in melee.
You have a somewhat thin skeletal structure. (Dex +2, Stealth+)
You are vulnerable to heat. (rF-)
You expend magic power (3 MP) to strengthen your wands.


Message History

You kill the spriggan!
Okawaru accepts your kill.
You can now speed up your combat.
The spriggan hits you with a +0 spear.
An acid dragon comes into view.
You slash the spriggan!
You behead the spriggan!
You kill the spriggan!
Okawaru accepts your kill. The acid dragon spits acid at you.
The splash of acid hits you!!
* * * LOW HITPOINT WARNING * * *
The acid corrodes you!
You hear a shout!
You are too injured to fight recklessly!
You gain the combat prowess of a mighty hero.
You can no longer speed up your combat.
The acid dragon spits acid at you. The splash of acid hits you!
* * * LOW HITPOINT WARNING * * *
You feel better.
A two-headed ogre comes into view.
It is wielding a +0 halberd and a +0 glaive.
The two-headed ogre shouts in stereo!
Things that are here:
a +0 trident; a spriggan corpse You completely miss the acid dragon.
The acid dragon bites you but does no damage.
You block the acid dragon's attack.
You barely miss the acid dragon.
You headbutt the acid dragon, but do no damage.
You closely miss the acid dragon.
The two-headed ogre hits you from afar with a +0 halberd.
* * * LOW HITPOINT WARNING * * *
The two-headed ogre hits you from afar with a +0 glaive.
* * * LOW HITPOINT WARNING * * *
You block the acid dragon's attack.
The acid dragon claws you but does no damage.
As you read the scroll of teleportation, it crumbles to dust.
You feel strangely unstable. The acid dragon spits acid at you.
The splash of acid hits you!!
You die...

##.## ##..#♣#####..##
##...## ##).## ..♣#..##
#.....# ##).#♣. ..♣#..##
##.....###..##.. ♣# ..#...#
#...∩..~~~..#..♣♣. ♣.#...#
#......~~~..#..♣. ♣.#~..#
#......~~~..#..O ♣.~~..#
#......~~~..#.D# ♣.♣~..#
#...∩..~~~..#.@♣♣ ♣♣.#...#
##.....###..#♣))♣♣♣#♣..#...#
#.....# ##..♣#)......♣#..##
##...## #..#♣.....#♣..##
##.## #####♣# .## ### #


You could see a two-headed ogre and an acid dragon (catching breath).

Vanquished Creatures
  Maurice (D:7)
  A troll (D:7)
  Grinder (D:6)
  A wyvern (D:7)
  6 spriggans (Bailey)
  A shadow (D:6)
  Eustachio (D:6)
  A steam dragon (D:7)
  Menkaure (D:6)
  A water moccasin (D:8)
  A sky beast (D:6)
  6 ogres
  2 centaurs
  A phantom (D:4)
  An elf zombie (Ossuary)
  2 kobold brigands
  A gnoll sergeant (D:5)
  2 bullfrogs
  2 burial acolytes (Ossuary)
  14 wights
  A jelly (D:5)
  4 bombardier beetles
  2 hounds (D:5)
  A gnoll bouda (D:7)
  2 human zombies (Ossuary)
  A sleepcap (D:7)
  Terence (D:2)
  4 iguanas
  4 orc wizards
  2 mummies (Ossuary)
  7 gnolls
  5 adders
  A shadow imp (D:5)
  2 white imps
  2 ufetubi (D:7)
  2 ribbon worms
  2 dart slugs
  14 orcs
  5 endoplasms
  3 giant cockroaches
  8 goblins
  9 hobgoblins
  19 kobolds
  5 quokkas
  13 ball pythons
  5 bats
  4 frilled lizards
  2 orc zombies (Ossuary)
  4 rats
181 creatures vanquished.

Notes
Turn   | Place    | Note
-------+----------+-------------------------------------------
     0 | D:1      | Griffin23 the Minotaur Fighter began the quest for the Orb.
     0 | D:1      | Reached XP level 1. HP: 19/19 MP: 0/0
   129 | D:1      | Reached XP level 2. HP: 27/27 MP: 1/1
   352 | D:1      | Reached skill level 3 in Long Blades
   460 | D:1      | Reached XP level 3. HP: 27/33 MP: 2/2
   937 | D:2      | Noticed Terence
   943 | D:2      | Killed Terence
  1071 | D:2      | Reached XP level 4. HP: 39/40 MP: 3/3
  2210 | D:3      | Reached skill level 4 in Long Blades
  2520 | D:3      | Reached XP level 5. HP: 40/47 MP: 4/4
  2625 | D:4      | Noticed an ogre
  2630 | D:4      | Killed an ogre
  2801 | D:4      | Found a sand-covered staircase.
  2802 | D:4      | Noticed a phantom
  2811 | D:4      | Killed a phantom
  2812 | D:4      | Reached skill level 5 in Fighting
  2812 | D:4      | Reached skill level 5 in Long Blades
  2812 | D:4      | Reached skill level 5 in Armour
  2812 | D:4      | Reached skill level 5 in Shields
  2812 | D:4      | Reached XP level 6. HP: 52/56 MP: 5/5
  2817 | Ossuary  | Entered an ossuary
  2817 | Ossuary  | Found a huge runed translucent gate.
  2817 | Ossuary  | Found a huge runed translucent gate.
  2817 | Ossuary  | Found a huge runed translucent gate.
  2817 | Ossuary  | Found a huge runed translucent gate.
  2817 | Ossuary  | Found a huge runed translucent gate.
  2817 | Ossuary  | Found a huge runed translucent gate.
  2817 | Ossuary  | Found a huge runed translucent gate.
  2817 | Ossuary  | Found a huge runed translucent gate.
  2817 | Ossuary  | Found a huge runed translucent gate.
  2826 | Ossuary  | Found a huge runed translucent gate.
  2826 | Ossuary  | Found a huge runed translucent gate.
  2827 | Ossuary  | Found a huge runed translucent gate.
  2827 | Ossuary  | Found a huge runed translucent gate.
  2829 | Ossuary  | Found a huge runed translucent gate.
  2829 | Ossuary  | Found a huge runed translucent gate.
  2873 | Ossuary  | Found a huge runed translucent gate.
  2873 | Ossuary  | Found a huge runed translucent gate.
  2873 | Ossuary  | Found a huge runed translucent gate.
  2873 | Ossuary  | Found a huge runed translucent gate.
  2873 | Ossuary  | Found a huge runed translucent gate.
  2874 | Ossuary  | Found a huge runed translucent gate.
  2874 | Ossuary  | Found a huge runed translucent gate.
  2876 | Ossuary  | Found a huge runed translucent gate.
  2876 | Ossuary  | Found a huge runed translucent gate.
  2877 | Ossuary  | Found a huge runed translucent gate.
  2877 | Ossuary  | Found a huge runed translucent gate.
  2878 | Ossuary  | Found a huge runed translucent gate.
  2878 | Ossuary  | Found a huge runed translucent gate.
  2880 | Ossuary  | Found a huge runed translucent gate.
  2880 | Ossuary  | Found a huge runed translucent gate.
  2891 | Ossuary  | Found a huge runed translucent gate.
  2891 | Ossuary  | Found a huge runed translucent gate.
  2891 | Ossuary  | Found a huge runed translucent gate.
  2891 | Ossuary  | Found a huge runed translucent gate.
  2891 | Ossuary  | Found a huge runed translucent gate.
  2918 | Ossuary  | Reached skill level 6 in Long Blades
  2918 | Ossuary  | Reached XP level 7. HP: 55/61 MP: 6/6
  3020 | Ossuary  | Gained mutation: You occasionally lose the ability to read
                  | scrolls when taking damage. [potion of mutation]
  3020 | Ossuary  | Gained mutation: Your mind is acute. (Int +4, Str/Dex -1)
                  | [potion of mutation]
  3020 | Ossuary  | Gained mutation: You are robust. (+10% HP) [potion of
                  | mutation]
  3021 | Ossuary  | Lost mutation: Your mind is acute. (Int +4, Str/Dex -1)
                  | [potion of mutation]
  3021 | Ossuary  | Lost mutation: You are robust. (+10% HP) [potion of
                  | mutation]
  3021 | Ossuary  | Gained mutation: Your system is resistant to poisons.
                  | (rPois) [potion of mutation]
  3021 | Ossuary  | Gained mutation: You sometimes lose the ability to read
                  | scrolls when taking damage. [potion of mutation]
  3021 | Ossuary  | Gained mutation: You are agile. (Dex +4, Str/Int -1)
                  | [potion of mutation]
  3022 | Ossuary  | Lost mutation: Your system is resistant to poisons. (rPois)
                  | [potion of mutation]
  3022 | Ossuary  | Lost mutation: You sometimes lose the ability to read
                  | scrolls when taking damage. [potion of mutation]
  3022 | Ossuary  | Gained mutation: You occasionally lose the ability to drink
                  | potions when taking damage. [potion of mutation]
  3022 | Ossuary  | Gained mutation: You are vulnerable to heat. (rF-) [potion
                  | of mutation]
  3022 | Ossuary  | Gained mutation: You expend magic power (3 MP) to
                  | strengthen your wands. [potion of mutation]
  3315 | D:4      | Found a burning altar of Makhleb.
  3523 | D:5      | Entered Level 5 of the Dungeon
  3528 | D:5      | Found a staircase to the Ecumenical Temple.
  3615 | D:5      | Identified the +4 war axe of the Kidney {vamp, rElec rPois
                  | Int+7 Stlth-}
  3713 | D:5      | Reached skill level 7 in Long Blades
  3992 | D:6      | Reached XP level 8. HP: 60/70 MP: 7/7
  4309 | D:5      | Lost mutation: You are agile. (Dex +4, Str/Int -1) [potion
                  | of mutation]
  4309 | D:5      | Lost mutation: You occasionally lose the ability to read
                  | scrolls when taking damage. [potion of mutation]
  4309 | D:5      | Lost mutation: You occasionally lose the ability to drink
                  | potions when taking damage. [potion of mutation]
  4309 | D:5      | Gained mutation: You have a somewhat thin skeletal
                  | structure. (Dex +2, Stealth+) [potion of mutation]
  4360 | Temple   | Entered the Ecumenical Temple
  4374 | Temple   | Became a worshipper of Warmaster Okawaru
  4411 | D:6      | Noticed Eustachio
  4414 | D:6      | Killed Eustachio
  4476 | D:6      | Reached skill level 8 in Long Blades
  4614 | D:6      | Noticed Grinder
  4623 | D:6      | Paralysed by Grinder for 2 turns
  4625 | D:6      | Killed Grinder
  4625 | D:6      | Reached * piety under Okawaru
  4665 | D:6      | Reached skill level 9 in Long Blades
  4672 | D:6      | Reached XP level 9. HP: 36/75 MP: 8/8
  4900 | D:6      | Reached ** piety under Okawaru
  4902 | D:6      | Noticed Menkaure
  4906 | D:6      | Killed Menkaure
  5076 | D:6      | Identified the +0 chain mail of Fortification {rN+ Int+5}
  5279 | D:7      | Reached skill level 10 in Long Blades
  5565 | D:7      | Noticed Maurice
  5577 | D:7      | Killed Maurice
  5816 | D:7      | Found an opulent altar of Gozag.
  5888 | D:7      | Noticed a troll
  5896 | D:7      | Killed a troll
  5896 | D:7      | Reached *** piety under Okawaru
  6044 | D:8      | Found a basalt altar of Yredelemnul.
  6054 | D:8      | Reached skill level 11 in Long Blades
  6129 | D:8      | Reached XP level 10. HP: 82/90 MP: 9/9
  6176 | D:8      | Found a glowing golden altar of the Shining One.
  6176 | D:8      | Found a glowing silver altar of Zin.
  6176 | D:8      | Found a white marble altar of Elyvilon.
  6229 | D:8      | Found a flagged portal.
  6264 | Bailey   | Entered a bailey
  6452 | Bailey   | Identified the +1 acid dragon scales of Okawaru's Esteem
                  | {rCorr Int+4}
  6640 | Bailey   | Identified the +4 acid dragon scales of the Pleiades {rCorr
                  | Str+5 Int+2}
  6651 | Bailey   | Reached **** piety under Okawaru
  6655 | Bailey   | Noticed a two-headed ogre
  6659 | Bailey   | Killed from afar by an acid dragon

Illustrated notes

Levels and vault maps discovered:
D:1:      arrival_zaba_pyramid, layout_loops_ring, dreamdust_wishing_well
D:2:      layout_loops_corners, chequers_serial_rivers_large_b, uniq_terence
D:3:      layout_loops_corners, fountainhead, minmay_shallow_snake_nest
D:4:      layout_loops_cross, kennysheep_mini_moat,
          nicolae_ossuary_entry_monument
D:5:      layout_rooms, minmay_temple_entry_grid, serial_rivers,
          chequers_serial_rivers_marsh, chequers_serial_rivers_small_a,
          chequers_serial_rivers_small_3, chequers_serial_rivers_micro_c,
          chequers_serial_rivers_small_a, chequers_serial_rivers_micro_e,
          minivault_14, minmay_misc_feat_tower
D:6:      layout_rooms, kennysheep_generic_room_11, uniq_eustachio,
          uniq_menkaure, uniq_grinder
D:7:      layout_loops_ring, nicolae_gozag_seed_capital, uniq_maurice
D:8:      layout_cave_pods, dreamdust_divine_triumvirate,
          nicolae_overflow_hidden_temple, enter_bailey_2, serial_shops, shop
Temple:   nicolae_temple_figure_eight
Bailey:   bailey_polearm_enchanted_keep_hellmonk, bailey

Skill      XL: |  1  2  3  4  5  6  7  8  9 10 |
---------------+-------------------------------+-----
Long Blades    | 3 4 5 6 7 9 11 | 11.9
Shields        | 4 5 6 7 8 9 |  9.2
Armour         | 4 5 6 7 8 9 |  9.1
Fighting       | 4 5 6 7 8 9 |  9.2

Action                     |  1- 3 |  4- 6 |  7- 9 | 10-12 || total
---------------------------+-------+-------+-------+-------++-------
  Melee: Long sword        |    93 |    82 |   181 |    41 ||   397
         Headbutt          |    14 |    11 |    27 |     9 ||    61
 Invoke: Heroism           |       |       |     1 |     1 ||     2
    Use: Scroll            |       |       |     6 |     1 ||     7
         Potion            |       |       |     7 |     1 ||     8
 Armour: Scale mail        |    98 |       |       |       ||    98
         Chain mail        |       |    54 |   130 |    45 ||   229
         Skin              |       |     4 |       |       ||     4
  Dodge: Dodged            |    43 |    26 |    68 |    22 ||   159
  Block: Buckler           |    30 |    20 |    47 |    15 ||   112

Table legend: (Time is in decaauts)
 A = Elapsed time spent in this place.
 B = Non-inter-level travel time spent in this place.
 C = Inter-level travel time spent in this place.
 D = Time resting spent in this place.
 E = Time spent auto-exploring this place.
 F = Levels seen in this place.
 G = Mean time per level.
                   A        B        C        D        E       F      G
               +--------+--------+--------+--------+--------+-----+--------+
         Total |   6737 |   6503 |    234 |    555 |   4787 |  11 |  612.5 |
       Dungeon |   6096 |   5885 |    211 |    444 |   4417 |   8 |  762.0 |
        Temple |     26 |      3 |     23 |      0 |      0 |   1 |   26.0 |
       Ossuary |    220 |    220 |      0 |      0 |    149 |   1 |  220.0 |
        Bailey |    393 |    393 |      0 |    111 |    220 |   1 |  393.0 |
               +--------+--------+--------+--------+--------+-----+--------+

Top non-repeatable levels by time:
     D:2: 987 daAuts
     D:7: 899 daAuts
     D:3: 860 daAuts
     D:5: 811 daAuts
     D:6: 790 daAuts
     D:1: 786 daAuts
     D:4: 740 daAuts
  Bailey: 393 daAuts
     D:8: 221 daAuts
 Ossuary: 220 daAuts
  Temple: 26 daAuts
